 Dungeon Crawl Stone Soup version 0.32-a0-859-gb0a091d592 (webtiles) character file.

Game seed: 14589499221736580717

18291 kae the Carver (level 12, 0/100 HPs)
             Began as a Coglin Gladiator on Mar 27, 2024.
             Was a High Priest of Okawaru.
             Slain by an orange demon (8 damage)
             ... on level 1 of the Abyss.
             The game lasted 00:14:37 (13957 turns).

kae the Carver (Coglin Gladiator)                  Turns: 13957, Time: 00:14:37

Health: 0/100      AC: 13    Str: 14    XL:     12   Next: 57%
Magic:  17/18      EV: 13    Int:  7    God:    Okawaru [*****.]
Gold:   985        SH:  0    Dex: 22    Spells: 11/11 levels left

rFire   + . .        a - +3 long sword (heavy) {Wilhemina}
rCold   . . .        k - +0 dagger (speed) {Santos}
rNeg    . . .        E - +0 scale mail {rF+}
rPois   .            c - +1 helmet
rElec   .            (no cloak)
rCorr   .            z - +0 pair of gloves
SInv    .            w - +1 pair of boots
Will    .....        (amulet unavailable)
Stlth   ++           (ring unavailable)
HPRegen 0.00/turn    (ring unavailable)
MPRegen 0.16/turn    (no gizmo)

%: no passive effects
@: heroic, sick, revving
A: off-hand wielding, slow wielding, warmup strikes, no jewellery
a: Invent Gizmo, Renounce Religion, Heroism, Finesse, Duel


You were on level 1 of the Abyss.
You worshipped Okawaru.
Okawaru was extremely pleased with you.
You visited 2 branches of the dungeon, and saw 12 of its levels.
You visited the Abyss 1 time.
You also visited: Ossuary.

You collected 1115 gold pieces.
You spent 130 gold pieces at shops.


Innate Abilities, Weirdness & Mutations

You can wield a second weapon in your off-hand.
It takes a long time for you to wield or remove held weapons.
Your first few attacks do less damage.
You cannot equip rings or amulets.


   Skills:
 + Level 11.0(16.0) Fighting
 - Level 14.0(19.0) Long Blades
 - Level 1.7(6.7) Throwing
 - Level 2.6(7.6) Dodging
 + Level 9.0 Invocations


You had 11 spell levels left.
You didn't know any spells.
Your spell library contained the following spells:

 Spells                   Type           Power      Damage    Failure   Level
 Apportation              Tloc           0%         N/A       87%         1
 Cigotuvi's Dreadful Rot  Necr/Alch/Air  0%         N/A       95%         2
 Jinxbite                 Hex            0%         N/A       95%         2
 Brom's Barrelling Bould  Conj/Erth      0%         2d3       100%        4
 Dispel Undead            Necr           0%         3d6       100%        4
 Alistair's Intoxication  Alch           0%         N/A       100%        5
 Fireball                 Conj/Fire      0%         3d3       100%        5
 Iskenderun's Battlesphe  Conj           0%         2d6       100%        5
 Conjure Ball Lightning   Conj/Air       0%         3x3d6     100%        6
 Orb of Destruction       Conj           0%         9d5       100%        7
 Summon Small Mammal      Summ           Unusable   N/A       N/A         1
 Call Canine Familiar     Summ           Unusable   N/A       N/A         3
 Martyr's Knell           Necr/Summ      Unusable   N/A       N/A         4
 Summon Blazeheart Golem  Fire/Summ      Unusable   N/A       N/A         4

Inventory:

Hand Weapons
 a - a +3 heavy long sword (weapon) {Wilhemina}
 f - a +0 dagger {Yongsun}
 k - a +0 dagger of speed (offhand) {Santos}
   (You took it off an orc wizard on level 4 of the Dungeon)
 B - a +0 falchion
   (You found it on level 2 of the Dungeon)
Missiles
 e - 2 javelins
 g - 13 poisoned darts
 h - 95 stones
 o - 2 boomerangs
 x - 4 throwing nets (quivered) {=f!f}
 M - 2 silver javelins
Armour
 b - a +0 leather armour
 c - a +1 helmet (worn)
 w - a +1 pair of boots (worn)
   (You found it on level 9 of the Dungeon)
 z - a +0 pair of gloves (worn)
   (You found it on level 5 of the Dungeon)
 E - a +0 scale mail of fire resistance (worn)
   (You found it on level 7 of the Dungeon)
Magical Staves
 y - a staff of alchemy {!a}
   (You found it on level 5 of the Dungeon)
Jewellery
 d - a +6 ring of dexterity
   (You found it on level 6 of the Dungeon)
 A - an amulet of the acrobat
   (You found it on level 5 of the Dungeon)
 D - a +6 ring of dexterity
   (You found it on level 5 of the Dungeon)
 G - an amulet of guardian spirit
   (You found it on level 10 of the Dungeon)
 L - a ring of flight
   (You found it on level 6 of the Dungeon)
 W - a ring of magical power
   (You found it on level 9 of the Dungeon)
Wands
 r - a wand of iceblast (8)
   (You found it on level 9 of the Dungeon)
 C - a wand of polymorph (16)
   (You took it off Duvessa on level 7 of the Dungeon)
 H - a wand of flame (12)
   (You found it on level 10 of the Dungeon)
 N - a wand of acid (3)
   (You found it on level 10 of the Dungeon)
Scrolls
 p - 4 scrolls of vulnerability {!r!r}
 t - 3 scrolls of poison {!r}
 I - 2 scrolls of silence {!r}
 J - a scroll of identify {@r1}
Potions
 i - 4 potions of lignification {!q}
 j - 2 potions of curing {@q1}
 l - 3 potions of cancellation
 m - 2 potions of magic
 n - 6 potions of degeneration {!q}
 q - 5 potions of haste {@q3}
 s - 2 potions of attraction {!q}
 u - 3 potions of resistance
 v - a potion of brilliance
Miscellaneous
 K - a box of beasts
   (You found it on level 10 of the Dungeon)

Dungeon Overview and Level Annotations

Branches:
Dungeon (11/15) Zot: 26641  Temple (1/1) D:5 Zot: 5998    Lair (0/5) D:8
    Orc (0/2) D:9         Ossuary (visited)

Altars:
Ashenzari
Cheibriados
Dithmenos
Elyvilon
Fedhas
Gozag
Hepliaklqana
Kikubaaqudgha
Makhleb
Nemelex Xobeh
Okawaru
Qazlal
Ru
Sif Muna
Trog
Uskayaw
Vehumet
Wu Jian
Xom
Yredelemnul
Zin
The Shining One

Shops:
D:4 *   D:7 (   D:8 :   D:11 *

Annotations:
D:2 Sigmund
D:6 Maggie, Menkaure
D:11 Erolcha

#.#. ##..4##
. .#... .. #
#.#.4.# ..
....#.#...
.##. #....
..###....#
## .4....
####hh##..#
#@##...# #
##5......#
#ยง###..##..
....# .3.4
... ## ..#
##...# ##
#.... . #.#
. .


You could see an orange demon, a sixfirhy, 2 raiju, a chaos spawn and a quasit.


Message History

An ancient zyme is nearby!
Unknown command.
A raiju comes into view. x2
The raiju barks! x2; You hear a bark!
You hear a hideous shriek!
You hear a screech!
An orange demon comes into view.
A raiju comes into view.
You gain the combat prowess of a mighty hero.
A raiju comes into view. ๐Ÿ˜Ž MP[-2]
You lost 2 mp, and now have 16/18 mp.
The raiju barks!
You hit the raiju with your +0 dagger of speed.
You slice the raiju with your +3 heavy long sword!!
You kill the raiju!
Okawaru accepts your kill.
The raiju bursts into living lightning!
The living lightning hits you!
The raiju blinks! ๐Ÿ˜• HP[-9]
You take 9 damage, and now have 90/99 hp.
The raiju bursts into living lightning!
The living lightning hits you!
The raiju blinks!
The raiju bursts into living lightning!
The living lightning hits the raiju.
The raiju completely resists.
The living lightning hits you!
The raiju blinks! x2 ๐Ÿ˜ฎ HP[-21]
You take 21 damage, and now have 69/99 hp.
MASSIVE DAMAGE!! (PAUSE)
You hit the raiju but do no damage.
You slash the raiju with your +3 heavy long sword!
The raiju bursts into living lightning!
The living lightning hits the raiju.
The raiju completely resists.
The living lightning hits you!
The living lightning hits the raiju.
The raiju completely resists.
The raiju blinks! x4
The raiju stops to sniff the ground.
The raiju closely misses you. ๐Ÿ˜ฎ HP[-9]
You take 9 damage, and now have 60/99 hp.
You hit the raiju with your +3 heavy long sword.
You hit the raiju with your +0 dagger of speed.
The raiju bursts into living lightning!
The living lightning misses you.
The raiju blinks! x2
You feel yourself growing ill in the presence of the ancient zyme.
You hear a chilling moan.
You miss the raiju with your +0 dagger of speed.
You barely miss the raiju with your +3 heavy long sword.
You hear a trumpeting!
The raiju barely misses you.
The raiju bursts into living lightning!
The living lightning hits the raiju.
The raiju completely resists.
The living lightning hits you!
The raiju blinks! x2 ๐Ÿ˜ฎ HP[-8] MP[+1]
You take 8 damage, and now have 52/99 hp.
You hit the ancient zyme with your +0 dagger of speed.
You slash the ancient zyme with your +3 heavy long sword!
A quasit comes into view.
The raiju misses you. The ancient zyme completely misses you.
The ancient zyme hits you. ๐Ÿ˜ฎ HP[-1]
You take 1 damage, and now have 51/99 hp.
You hit the ancient zyme but do no damage.
You hit the ancient zyme with your +3 heavy long sword.
The raiju bites you but does no damage.
Unknown command.
You hit the ancient zyme but do no damage.
You slice the ancient zyme with your +3 heavy long sword!!
The ancient zyme closely misses you. The ancient zyme hits you.
You feel ill. ๐Ÿ˜ฎ HP[-1]
You take 1 damage, and now have 50/99 hp.
Unknown command.
You barely miss the ancient zyme with your +3 heavy long sword.
You barely miss the ancient zyme with your +0 dagger of speed.
A sixfirhy comes into view.
The raiju bursts into living lightning!
The living lightning hits you!!
* * * LOW HITPOINT WARNING * * *
The raiju blinks!
The ancient zyme completely misses you. The ancient zyme hits you.
* * * LOW HITPOINT WARNING * * *
The orange demon stings you but does no damage. ๐Ÿ˜ฑ HP[-29]
You take 29 damage, and now have 21/99 hp.
MASSIVE DAMAGE!! (PAUSE)
You slice the ancient zyme with your +3 heavy long sword!!
You destroy the ancient zyme!
Okawaru accepts your kill.
The raiju bursts into living lightning!
The living lightning hits you!!
* * * LOW HITPOINT WARNING * * *
The raiju blinks!
Your base Fighting skill increases to level 11! ๐Ÿ˜ฑ HP[-19]
You now have 100 max hp (+1).
You take 19 damage, and now have 2/100 hp.
Unknown command.
Okay, then.
You feel better. The quasit misses you. The quasit barely misses you.
The quasit claws you but does no damage.
A chaos spawn comes into view.
The orange demon stings you from afar!
You die...

Skill      XL: |  1  2  3  4  5  6  7  8  9 10 11 12 |
---------------+-------------------------------------+-----
Long Blades    | 4 5 6 7 9 10 12 13 14 | 14.0
Invocations    | 2 3 5 7 9 |  9.0
Fighting       | 3 5 6 9 11 | 11.0
Throwing       | |  1.7
Dodging        | |  2.6

Action                     |  1- 3 |  4- 6 |  7- 9 | 10-12 || total
---------------------------+-------+-------+-------+-------++-------
  Melee: Long sword        |    48 |   116 |   285 |   480 ||   929
         Dagger            |    41 |   103 |   245 |   425 ||   814
 Invoke: Heroism           |       |       |       |    14 ||    14
  Evoke: Wand              |       |       |     1 |     2 ||     3
    Use: Scroll            |     3 |     5 |     7 |    11 ||    26
         Potion            |       |     1 |     2 |    12 ||    15
   Stab: Sleeping          |     1 |     3 |     1 |       ||     5
 Armour: Leather armour    |    30 |    72 |    99 |       ||   201
         Scale mail        |       |       |    50 |   353 ||   403
  Dodge: Dodged            |    16 |    56 |   115 |   200 ||   387

Levels and vault maps discovered:
D:1:      wander_arrival_lonely_grave, layout_basic, minmay_parallelograms
D:2:      layout_loops_cross, uniq_sigmund, uniq_jessica
D:3:      layout_loops_ring, chequers_serial_rivers_marsh,
          kennysheep_decorative_pillar
D:4:      layout_basic, nicolae_ossuary_entry_ruins, serial_shops, shop
D:5:      layout_loops_cross, lemuel_doored_altar, minmay_temple_entry_mist
D:6:      layout_gridville, amcnicky_altar_gilded, mainiacjoe_overflow_24_doors,
          uniq_menkaure, uniq_maggie
D:7:      layout_loops_cross, grunt_dithmenos_smoke, nrook_mini_vaults,
          nicolae_shop_firing_range, uniq_duvessa
D:8:      minmay_skewed_foursquare, layout_loops_ring, lair_entry_dummy,
          serial_shops, shop, uniq_grum
D:9:      layout_cave_pools, kennysheep_orc_sif_temple, hiddenorc1_lemuel
D:10:     dpeg_index_elf_rogue_hall, layout_basic
D:11:     layout_roguey, grunt_ministairs_8, nicolae_zen_rock_garden,
          nicolae_island_escapes, uniq_erolcha, uniq_nergalle
Temple:   minmay_crystal_spiral_temple
Abyss:1:  base:
D:9

Notes
Turn   | Place    | Note
-------+----------+-------------------------------------------
     0 | D:1      | kae the Coglin Gladiator began the quest for the Orb.
     0 | D:1      | Reached XP level 1. HP: 16/16 MP: 1/1
     0 | D:1      | magus.rc [v1.11.3]
   229 | D:1      | Reached XP level 2. HP: 14/22 MP: 2/2
  1008 | D:2      | Reached skill level 4 in Long Blades
  1039 | D:2      | Reached XP level 3. HP: 22/27 MP: 3/3
  1103 | D:2      | Noticed Jessica
  1113 | D:2      | Killed Jessica
  1114 | D:2      | Reached XP level 4. HP: 23/33 MP: 4/4
  1492 | D:2      | Noticed Sigmund
  1698 | D:3      | Reached skill level 5 in Long Blades
  2549 | D:4      | Reached XP level 5. HP: 31/38 MP: 5/5
  2564 | D:4      | Reached skill level 6 in Long Blades
  2649 | D:4      | Noticed an ogre
  2662 | D:4      | Killed an ogre
  2663 | D:4      | Reached XP level 6. HP: 22/44 MP: 6/6
  2674 | D:4      | Found a sand-covered staircase.
  2717 | Ossuary  | Entered an ossuary
  2770 | Ossuary  | Reached skill level 7 in Long Blades
  2894 | Ossuary  | Reached XP level 7. HP: 36/50 MP: 7/7
  2990 | Ossuary  | Reached skill level 8 in Long Blades
  3215 | D:4      | Found Fahail's General Store.
  3220 | D:4      | Bought a potion of haste for 130 gold pieces
  3823 | D:5      | Entered Level 5 of the Dungeon
  3990 | D:5      | Reached skill level 9 in Long Blades
  4065 | D:5      | HP: 12/50 [acid (2)]
  4067 | D:5      | Reached XP level 8. HP: 14/56 MP: 8/8
  4421 | D:5      | Found a staircase to the Ecumenical Temple.
  4522 | Temple   | Entered the Ecumenical Temple
  4547 | D:5      | Reached skill level 10 in Long Blades
  4758 | D:5      | Found a hide-covered altar of Uskayaw.
  4834 | D:6      | Identified the +3 mace of the Living Dead {flame, rF++ rC+
                  | Int+3 SInv}
  4852 | D:6      | Found an iron altar of Okawaru.
  4863 | D:6      | Became a worshipper of Warmaster Okawaru
  4987 | D:6      | Found a shimmering altar of Xom.
  5167 | D:6      | Noticed Menkaure
  5416 | D:6      | Reached skill level 1 in Invocations
  5447 | D:6      | Noticed Maggie
  5460 | D:6      | You pick up a book of Party Tricks and begin reading...
  5460 | D:6      | You add the spells Apportation, Jinxbite and Alistair's
                  | Intoxication to your library.
  6360 | D:7      | Noticed Duvessa
  6360 | D:7      | Noticed Dowan
  6368 | D:7      | Killed Duvessa
  6374 | D:7      | Killed Dowan
  6375 | D:7      | Reached skill level 3 in Fighting
  6479 | D:7      | Found a shadowy altar of Dithmenos.
  6559 | D:7      | Reached skill level 2 in Invocations
  6559 | D:7      | Reached XP level 9. HP: 53/64 MP: 10/10
  6622 | D:7      | Reached skill level 11 in Long Blades
  6918 | D:7      | Reached * piety under Okawaru
  6919 | D:7      | Reached skill level 4 in Fighting
  6937 | D:7      | Found Nuci's Firing Range.
  7080 | D:7      | Noticed a troll
  7086 | D:7      | Killed a troll
  7087 | D:7      | Reached skill level 3 in Invocations
  7680 | D:8      | HP: 11/63 [wight/+2 great sword of electrocution (14)]
  7898 | D:8      | Reached ** piety under Okawaru
  7905 | D:8      | Reached skill level 5 in Fighting
  7905 | D:8      | Reached skill level 12 in Long Blades
  7910 | D:8      | Noticed Grum
  7911 | D:8      | HP: 11/68 [wolf[Grum] (7)]
  7974 | D:9      | Noticed a kobold demonologist
  7993 | D:9      | Reached XP level 10. HP: 52/74 MP: 12/12
  8011 | D:9      | Reached skill level 4 in Invocations
  8048 | D:9      | HP: 17/76 [red devil[a kobold demonologist] (14)]
  8059 | D:9      | Killed a kobold demonologist
  8059 | D:9      | Reached *** piety under Okawaru
  8261 | D:9      | Reached skill level 6 in Fighting
  8485 | D:8      | Killed Grum
  8539 | D:8      | Found Toapno Towi's Book Shoppe.
  8643 | D:8      | Reached skill level 13 in Long Blades
  8741 | D:8      | Reached skill level 5 in Invocations
  8748 | D:8      | HP: 17/77 [yak (7)]
  8754 | D:8      | Reached **** piety under Okawaru
  9064 | D:8      | HP: 13/77 [poisoned by a gnoll sergeant]
  9347 | D:8      | Found a staircase to the Lair.
  9842 | D:8      | HP: 17/77 [killer bee (6)]
  9847 | D:8      | HP: 11/77 [poisoned by a killer bee]
 10173 | D:9      | Reached XP level 11. HP: 51/83 MP: 15/15
 10267 | D:9      | Found a staircase to the Orcish Mines.
 10345 | D:9      | Reached skill level 7 in Fighting
 10598 | D:9      | You pick up a book of Callings and begin reading...
 10750 | D:9      | Found a shimmering blue altar of Sif Muna.
 10823 | D:10     | Entered Level 10 of the Dungeon
 10823 | D:10     | Noticed a two-headed ogre
 10846 | D:10     | Reached skill level 14 in Long Blades
 10849 | D:10     | Killed a two-headed ogre
 10850 | D:10     | Reached skill level 6 in Invocations
 10864 | D:10     | HP: 18/86 [yak (8)]
 10867 | D:10     | Reached ***** piety under Okawaru
 11350 | D:10     | Reached skill level 8 in Fighting
 11360 | D:10     | You pick up a book of Decay and begin reading...
 11360 | D:10     | You add the spells Cigotuvi's Dreadful Rot and Dispel
                  | Undead to your library.
 11698 | D:10     | Noticed a deep elf pyromancer
 11698 | D:10     | Noticed a deep elf pyromancer
 11705 | D:10     | Killed a deep elf pyromancer
 11713 | D:10     | Killed a deep elf pyromancer
 11743 | D:10     | Noticed a deep elf pyromancer
 11746 | D:10     | Reached skill level 7 in Invocations
 11751 | D:10     | Killed a deep elf pyromancer
 11755 | D:10     | Reached skill level 9 in Fighting
 11882 | D:10     | You pick up a book of the Spheres and begin reading...
 11882 | D:10     | You add the spells Brom's Barrelling Boulder, Iskenderun's
                  | Battlesphere, Fireball, Conjure Ball Lightning and Orb of
                  | Destruction to your library.
 12012 | D:10     | Noticed a deep elf pyromancer
 12028 | D:10     | a black mamba changed into an entropy weaver
 12028 | D:10     | Noticed an entropy weaver (shapeshifter)
 12376 | D:10     | HP: 22/89 [raiju (shapeshifter) (7)]
 12379 | D:10     | an iguana changed into an entropy weaver
 12379 | D:10     | Noticed an entropy weaver (shapeshifter)
 12381 | D:10     | HP: 22/89 [entropy weaver (shapeshifter) (2)]
 12386 | D:10     | HP: 19/89 [entropy weaver (shapeshifter) (2)]
 12387 | D:10     | HP: 4/133 [entropy weaver (shapeshifter) (11)]
 12388 | D:10     | Killed an entropy weaver
 12389 | D:10     | Reached XP level 12. HP: 5/97 MP: 17/17
 12584 | D:10     | Reached skill level 8 in Invocations
 12760 | D:11     | Found Ocwiehej's Island Escapes.
 12855 | D:11     | Noticed Nergalle
 12866 | D:11     | Killed Nergalle
 12866 | D:11     | Received a gift from Okawaru
 12867 | D:11     | Reached skill level 10 in Fighting
 12930 | D:11     | Noticed Erolcha
 12935 | D:11     | HP: 24/97 [orc/+0 club (1)]
 12940 | D:11     | HP: 20/97 [poisoned by a gnoll sergeant]
 13101 | D:11     | You are cast into the Abyss!
 13101 | Abyss:1  | Found a corrupted altar of Lugonu.
 13101 | Abyss:1  | Cast into level 1 of the Abyss (Erolcha)
 13173 | Abyss:1  | Found a corrupted altar of Lugonu.
 13204 | Abyss:1  | Found a corrupted altar of Lugonu.
 13293 | Abyss:1  | Noticed a hell knight
 13302 | Abyss:1  | Killed a hell knight
 13325 | Abyss:1  | Noticed a thrashing horror
 13327 | Abyss:1  | Noticed a blizzard demon
 13335 | Abyss:1  | Found a corrupted altar of Lugonu.
 13510 | Abyss:1  | Found a corrupted altar of Lugonu.
 13581 | Abyss:1  | HP: 21/99 [apocalypse crab (11)]
 13631 | Abyss:1  | HP: 20/99 [ancient zyme (12)]
 13631 | Abyss:1  | HP: 9/99 [ancient zyme (11)]
 13675 | Abyss:1  | HP: 22/99 [ice beast (9)]
 13781 | Abyss:1  | Reached skill level 9 in Invocations
 13955 | Abyss:1  | HP: 24/99 [raiju/living lightning (26)]
 13956 | Abyss:1  | HP: 2/99 [raiju/living lightning (19)]
 13957 | Abyss:1  | Reached skill level 11 in Fighting
 13957 | Abyss:1  | Slain by an orange demon

Vanquished Creatures
  An entropy weaver (shapeshifter) (D:10)
  A two-headed ogre (D:10)
  A hell knight (Abyss:1)
  Nergalle (D:11)
  4 deep elf pyromancers (D:10)
  An obsidian bat (Abyss:1)
  A large abomination (Abyss:1)
  A meliai (shapeshifter) (D:10)
  An apocalypse crab (Abyss:1)
  A smoke demon (Abyss:1)
  A cane toad (shapeshifter) (D:10)
  A kobold demonologist (D:9)
  3 ancient zymes (Abyss:1)
  3 trolls
  An ice devil (Abyss:1)
  A raiju (Abyss:1)
  A raiju (shapeshifter) (D:10)
  A wraith (D:10)
  A ynoxinul (Abyss:1)
  A wyvern (D:10)
  19 yaks
  5 fire bats (D:10)
  A neqoxec (Abyss:1)
  Grum (D:8)
  An acid dragon (D:10)
  2 water moccasins (D:9)
  Duvessa (D:7)
  8 ice beasts
  4 orc warriors
  2 ogres
  A sky beast (D:10)
  A black bear (D:8)
  4 wolves (D:8)
  5 centaurs
  2 phantoms
  An elf zombie (Ossuary)
  2 weeping skulls
  5 bullfrogs
  2 gnoll sergeants
  3 small abominations (Abyss:1)
  A scorpion (D:5)
  A burial acolyte (Ossuary)
  9 wights
  Dowan (D:7)
  6 killer bees
  A howler monkey (D:7)
  An electric eel (D:10)
  A bombardier beetle (D:7)
  A gnoll bouda (D:4)
  A human zombie (Ossuary)
  3 hounds
  4 jellies
  9 orc priests
  A sleepcap (D:5)
  Jessica (D:2)
  2 iguanas (D:5)
  15 orc wizards
  4 mummies (Ossuary)
  12 gnolls
  4 adders
  A shadow imp (D:5)
  2 white imps
  8 ufetubi
  A dart slug (D:1)
  38 orcs
  6 endoplasms
  3 giant cockroaches
  4 goblins
  7 hobgoblins
  9 jackals
  2 quokkas
  3 training dummies (D:7)
  4 ball pythons
  A bat (D:1)
  A frilled lizard (D:1)
  A gnoll zombie (Ossuary)
  8 kobolds
  A kobold zombie (Ossuary)
  4 orc zombies (Ossuary)
  2 rats
281 creatures vanquished.

Table legend:
 A = Non-vault XP
 B = Vault XP
 C = Vault XP percentage of total XP
 D = Non-vault monster count
 E = Vault monster count
 F = Vault count percentage of total count
                 A         B        C        D         E       F
            +---------+---------+-------+---------+---------+-------
      Total |   17151 |    8979 |  34.4 |     210 |      71 |  25.3
            +---------+---------+-------+---------+---------+-------
        D:1 |      18 |       0 |   0.0 |      10 |       0 |   0.0
        D:2 |      42 |      37 |  46.8 |      12 |       1 |   7.7
        D:3 |      55 |       0 |   0.0 |      23 |       0 |   0.0
        D:4 |     524 |       0 |   0.0 |      29 |       0 |   0.0
        D:5 |     592 |       0 |   0.0 |      11 |       0 |   0.0
        D:6 |     282 |       0 |   0.0 |       6 |       0 |   0.0
        D:7 |    1354 |     222 |  14.1 |      19 |       5 |  20.8
        D:8 |    2563 |     664 |  20.6 |      31 |       7 |  18.4
        D:9 |    2747 |     609 |  18.1 |      23 |      21 |  47.7
       D:10 |    3489 |    6292 |  64.3 |      15 |      22 |  59.5
       D:11 |     204 |     769 |  79.0 |      10 |       1 |   9.1
    Abyss:1 |    5281 |       0 |   0.0 |      21 |       0 |   0.0
    Ossuary |       0 |     386 | 100.0 |       0 |      14 | 100.0
            +---------+---------+-------+---------+---------+-------

Skill      XL: |  1  2  3  4  5  6  7  8  9 10 11 12 |
---------------+-------------------------------------+-----
Long Blades    | 4 5 6 7 9 10 12 13 14 | 14.0
Invocations    | 2 3 5 7 9 |  9.0
Fighting       | 3 5 6 9 11 | 11.0
Throwing       | |  1.7
Dodging        | |  2.6

Action                     |  1- 3 |  4- 6 |  7- 9 | 10-12 || total
---------------------------+-------+-------+-------+-------++-------
  Melee: Long sword        |    48 |   116 |   285 |   480 ||   929
         Dagger            |    41 |   103 |   245 |   425 ||   814
 Invoke: Heroism           |       |       |       |    14 ||    14
  Evoke: Wand              |       |       |     1 |     2 ||     3
    Use: Scroll            |     3 |     5 |     7 |    11 ||    26
         Potion            |       |     1 |     2 |    12 ||    15
   Stab: Sleeping          |     1 |     3 |     1 |       ||     5
 Armour: Leather armour    |    30 |    72 |    99 |       ||   201
         Scale mail        |       |       |    50 |   353 ||   403
  Dodge: Dodged            |    16 |    56 |   115 |   200 ||   387

Illustrated notes

Table legend:
 A = Kills in this place as a percentage of kills in the entire game.
 B = Kills by you in this place as a percentage of kills by you in the entire game.
 C = Kills by friends in this place as a percentage of kills by friends in the entire game.
 D = Other kills in this place as a percentage of other kills in the entire game.
 E = Experience gained in this place as a percentage of experience gained in the entire game.
 F = Experience gained in this place divided by the number of levels of this place that you have seen.
                   A       B       C       D       E      F
               +-------+-------+-------+-------+-------+----------------------
         Total | 100.0 | 100.0 |   N/A |   N/A | 100.0 | 1866.4
       Dungeon |  87.5 |  87.5 |   N/A |   N/A |  78.3 | 1860.3
         Abyss |   7.5 |   7.5 |   N/A |   N/A |  20.2 | 5281.0
       Ossuary |   5.0 |   5.0 |   N/A |   N/A |   1.5 | 386.0
               +-------+-------+-------+-------+-------+----------------------

Table legend: (Time is in decaauts)
 A = Elapsed time spent in this place.
 B = Non-inter-level travel time spent in this place.
 C = Inter-level travel time spent in this place.
 D = Time resting spent in this place.
 E = Time spent auto-exploring this place.
 F = Levels seen in this place.
 G = Mean time per level.
                   A        B        C        D        E       F      G
               +--------+--------+--------+--------+--------+-----+--------+
         Total |  13740 |  13055 |    685 |   2357 |   8498 |  14 |  981.4 |
       Dungeon |  12417 |  11734 |    683 |   1565 |   8420 |  11 | 1128.8 |
        Temple |      1 |      0 |      1 |      0 |      0 |   1 |    1.0 |
         Abyss |    843 |    843 |      0 |    578 |      0 |   1 |  843.0 |
       Ossuary |    477 |    477 |      0 |    213 |     78 |   1 |  477.0 |
               +--------+--------+--------+--------+--------+-----+--------+

Top non-repeatable levels by time:
     D:8: 2010 daAuts
    D:10: 1896 daAuts
     D:4: 1214 daAuts
     D:9: 1192 daAuts
     D:7: 1116 daAuts
     D:6: 1029 daAuts
     D:1: 984 daAuts
     D:5: 954 daAuts
     D:3: 918 daAuts
 Abyss:1: 843 daAuts
     D:2: 741 daAuts
 Ossuary: 477 daAuts
    D:11: 358 daAuts
  Temple: 1 daAuts
